 Dungeon Crawl Stone Soup version 0.28.0-47-ge53b351184 (webtiles) character file.

Game seed: 9963937690381900054

63 NinjaNoafa the Chopper (level 4, 0/40 HPs)
             Began as a Hill Orc Monk on Apr 25, 2022.
             Killed by nerve-wracking pain
             ... invoked by a shadow imp
             ... summoned by Natasha
              (5 damage)
             ... on level 2 of the Dungeon.
             The game lasted 00:04:15 (2922 turns).

NinjaNoafa the Chopper (Hill Orc Monk)              Turns: 2922, Time: 00:04:16

Health: 0/40       AC:  8    Str: 15    XL:     4   Next: 10%
Magic:  4/4        EV:  7    Int: 10    God:
Gold:   52         SH:  0    Dex: 13    Spells: 3/3 levels left

rFire   . . .      SeeInvis +   a - +0 hand axe
rCold   . . .      Faith    .   (no shield)
rNeg    . . .      Spirit   .   b - +0 chain mail
rPois   .          Reflect  .   (no helmet)
rElec   .          Harm     .   (no cloak)
rCorr   .          Rampage  .   (no gloves)
Will    .....                   (no boots)
Stlth   ..........              (no amulet)
HPRegen 0.13/turn               d - ring of see invisible
MPRegen 0.09/turn               (no ring)

@: slowed, very slow
A: no striking features
a: no special abilities


You were on level 2 of the Dungeon.
You visited 1 branch of the dungeon, and saw 2 of its levels.

You collected 52 gold pieces.

Inventory:

Hand Weapons
 a - a +0 hand axe (weapon)
Missiles
 c - 94 stones
 i - 3 poisoned darts (quivered)
Armour
 b - a +0 chain mail (worn)
Jewellery
 d - a ring of see invisible (left hand)
Scrolls
 f - a scroll of teleportation
Potions
 e - a potion of curing


   Skills:
 + Level 4.2 Fighting
 + Level 4.5 Axes
 * Level 1.7 Armour
 + Level 2.4 Dodging
 - Level 2.2 Stealth
 - Level 0.2 Spellcasting
 - Level 0.5 Summonings


You had 3 spell levels left.
You didn't know any spells.
Your spell library contained the following spells:

 Spells                   Type           Power      Damage    Failure   Level
 Sandblast                Erth           0%         2d4       100%        1
 Passwall                 Tmut/Erth      0%         N/A       100%        2
 Call Canine Familiar     Summ           1%         N/A       100%        3
 Inner Flame              Hex/Fire       0%         N/A       100%        3
 Portal Projectile        Hex/Tloc       0%         N/A       100%        3
 Stone Arrow              Conj/Erth      0%         3d7       100%        3
 Tukima's Dance           Hex            0%         N/A       100%        3
 Leda's Liquefaction      Hex/Erth       0%         N/A       100%        4
 Yara's Violent Unravell  Hex/Tmut       0%         3d3       100%        5


Dungeon Overview and Level Annotations

Branches:
Dungeon (2/15)

Altars:

Annotations:
D:2 Natasha


Message History

Natasha claws you!
* * * LOW HITPOINT WARNING * * *
Natasha claws you.
* * * LOW HITPOINT WARNING * * *
As you read the scroll labelled XUIMOP NYUDD, it crumbles to dust.
Wisps of shadow whirl around you...
It was a scroll of summoning.
Natasha casts a spell.
You swap places.
Your bat barely misses Natasha.
Your bat closely misses Natasha.
Natasha claws your bat!
Your bat dies!
Your bat's corpse dissolves into shadows!
Natasha mumbles some strange words.
Your giant cockroach barely misses the shadow imp.
The shadow imp hits your giant cockroach.
The shadow imp misses your giant cockroach.
As you read the scroll labelled GAVENL OT JOWI, it crumbles to dust.
You hear a loud clanging noise!
It was a scroll of noise.
You hear a shout!
You hear an angry hiss.
The shadow imp hits your giant cockroach.
As you read the scroll labelled GUAKOL KEFE, it crumbles to dust.
It is a scroll of identify.
You don't have any unidentified items.
The shadow imp closely misses your giant cockroach.
The shadow imp hits your giant cockroach.
Your giant cockroach dies!
Your giant cockroach's corpse dissolves into shadows!
The crimson imp blinks!
The shadow imp hits you but does no damage.
The crimson imp blinks!
You slash the shadow imp!
The shadow imp is severely wounded.
The shadow imp hits you.
* * * LOW HITPOINT WARNING * * *
The shadow imp hits you but does no damage.
You barely miss the shadow imp.
The shadow imp is severely wounded.
The shadow imp gestures at you. Pain shoots through your body!
You die...

#.# #.# #......# #.##......
#.# #.###.#.##.# #.##.#####
#.# #.....#.##.####.##.# #
#.# ###.###.........##.# #
#.# #.# ####.#######.# #
#.########.# #.# #.# #
#......##..# #.# #.# #
######.##.#######.# ##.# #
#...........@.#.# #..# #
#.##.##.#####5#.######.######
# #.##.# #h#..............
#|##.# #.########.######
#.##.# #5# #.# #.##.# #5# #.#
#.##.. ..# #.# #.#### ..# #.#
#.# ..# #.#


You could see Natasha, 2 crimson imps and a shadow imp (summoned).

Vanquished Creatures
  An adder (D:2)
  2 worms (D:2)
  A dart slug (D:1)
  4 ball pythons
  4 endoplasms
  A giant cockroach (D:1)
  6 goblins
  4 hobgoblins
  6 jackals (D:1)
  A quokka (D:1)
  3 bats
  5 frilled lizards
  2 kobolds
  3 rats
43 creatures vanquished.

Notes
Turn   | Place    | Note
-------+----------+-------------------------------------------
     0 | D:1      | NinjaNoafa the Hill Orc Monk began the quest for the Orb.
     0 | D:1      | Reached XP level 1. HP: 19/19 MP: 1/1
    33 | D:1      | Reached XP level 2. HP: 3/27 MP: 2/2
   673 | D:1      | Reached skill level 1 in Armour
   902 | D:1      | Found a faded altar of an unknown god.
   971 | D:1      | Reached XP level 3. HP: 29/33 MP: 3/3
  1059 | D:1      | Got the Reference Book on Malediction
  2468 | D:2      | Reached XP level 4. HP: 39/40 MP: 4/4
  2892 | D:2      | Noticed Natasha
  2922 | D:2      | Killed from afar by a shadow imp

Illustrated notes

Levels and vault maps discovered:
D:1:      heliophobic_arrival_ceremonial_halls, layout_basic,
          hellmonk_ecumenical_altar_dog_temple
D:2:      layout_loops_ring, minmay_misc_feat_doors, minmay_small_reverse_x,
          uniq_natasha

Skill      XL: |  1  2 |
---------------+-------+-----
Armour         | 1 |  1.7
Fighting       | 4 |  4.2
Stealth        | 2 |  2.2
Axes           | |  4.5
Dodging        | |  2.4
Spellcasting   | |  0.2
Summonings     | |  0.5

Action                   |  1- 3 |  4- 6 || total
-------------------------+-------+-------++-------
Melee: Hand axe          |   127 |    39 ||   166
       Punch             |     1 |       ||     1
Throw: Dart              |     2 |       ||     2
  Use: Scroll            |     1 |     3 ||     4
       Potion            |       |     2 ||     2
 Stab: Sleeping          |     1 |       ||     1
Armor: Robe              |     6 |       ||     6
       Ring mail         |    42 |       ||    42
       Chain mail        |     7 |    13 ||    20
Dodge: Dodged            |    79 |     6 ||    85
